 Dungeon Crawl Stone Soup version 0.18.1-5-g4a78601 (webtiles) character file.

79 PossumBlood the Cudgeler (level 4, -1/39 HPs)
             Began as a Minotaur Fighter on May 12, 2016.
             Succumbed to a goblin's poison
             ... on level 2 of the Dungeon.
             The game lasted 00:04:09 (1098 turns).

PossumBlood the Cudgeler (Minotaur Fighter)         Turns: 1098, Time: 00:04:10

Health: -1/39      AC:  8    Str: 22    XL:     4   Next: 17%
Magic:  3/3        EV:  7    Int:  5    God:
Gold:   103        SH:  9    Dex:  9    Spells: 0 memorised, 3 levels left

rFire  + . .     SeeInvis .     a - +0 flail
rCold  + . .     Gourm    .     b - +0 scale mail
rNeg   . . .     Faith    .     c - +0 shield
rPois  +         Spirit   .     (helmet restricted)
rElec  +         Dismiss  .     (no cloak)
rCorr  +         Reflect  .     (no gloves)
SustAt .         Harm     .     g - +0 pair of boots
MR     .....                    (no amulet)
Stlth  ..........               (no ring)
                                (no ring)

@: lethally poisoned (-1 -> -16), resistant, not resistant to hostile
enchantments, extremely unstealthy
A: retaliatory headbutt, horns 2
a: no special abilities


You were on level 2 of the Dungeon.
You were not hungry.

You visited 1 branch of the dungeon, and saw 2 of its levels.

You collected 103 gold pieces.

Inventory:

Hand Weapons
 a - a +0 flail (weapon)
Missiles
 j - 5 silver tomahawks (quivered)
 k - 8 tomahawks
 m - 2 javelins
Armour
 b - a +0 scale mail (worn)
 c - a +0 shield (worn)
 g - a +0 pair of boots (worn)
Scrolls
 i - a scroll of identify
Potions
 d - a potion of might
 e - a potion of resistance
 h - a potion of lignification {unknown}
 l - a potion of cancellation
Comestibles
 n - a slice of pizza


   Skills:
 - Level 3.6 Fighting
 * Level 5.4 Maces & Flails
 - Level 3.6 Armour
 - Level 3.6 Shields


You had 3 spell levels left.
You didn't know any spells.

Dungeon Overview and Level Annotations

Branches:
Dungeon (2/15)

Altars:
Xom
The Shining One


Innate Abilities, Weirdness & Mutations

You reflexively headbutt those who attack you in melee.
You have a pair of horns on your head.


Message History

You feel sick. You block the goblin's attack. The goblin completely misses you.
You hit the goblin.
You kill the goblin!
* * * LOW HITPOINT WARNING * * *
You feel sick. You block the goblin's attack.
You hit the goblin but do no damage.
* * * LOW HITPOINT WARNING * * *
You feel sick. You block the goblin's attack. x2
Your shield prevents you from hitting the goblin.
You headbutt the goblin.
The goblin is severely wounded.
* * * LOW HITPOINT WARNING * * *
You feel sick. The goblin hits you but does no damage.
You thump the goblin!
You kill the goblin!
* * * LOW HITPOINT WARNING * * *
You feel sick.
Drink which item? (? for menu, Esc to quit)
You feel protected.
You die...

..##..# #.# ##...###.# .....(#
#.##8.....8# ##..♣..##.# ..###.#
#.##.......# #.......#.# ..# #.#
#.##8.....8# #.....♣...# ..###.#
#.......# #..<......# ......#
#8.....8# #.....♣..## ..>####
#.......# #........# ...###
##8.)[†.8#.##..♣..#.##
.....#######...†@.....###........
..........##.....)..### ####.#...
..........##.###..### #.#...
.....####.#...##.## #.#..†
.......##.#.#.##.# #.....
..##.#.##.#.#)##.# ###..#
#.#.#.#.#...#....# #...
.........#######.# #))#
#.##+##.#...# ..# #.(#


There were no monsters in sight!

Vanquished Creatures
  Ijyb (D:2)
  An ooze (D:1)
  A worm (D:2)
  A dart slug (D:2)
  A giant gecko (D:2)
  3 bats
  2 giant cockroaches (D:1)
  11 goblins
  5 hobgoblins
  7 kobolds
  2 giant newts (D:2)
  4 rats
39 creatures vanquished.

Notes
Turn   | Place    | Note
--------------------------------------------------------------
     0 | D:1      | PossumBlood the Minotaur Fighter began the quest for the Orb.
     0 | D:1      | Reached XP level 1. HP: 19/19 MP: 0/0
    91 | D:1      | Reached skill level 3 in Maces & Flails
   320 | D:1      | Found a glowing golden altar of the Shining One.
   324 | D:1      | Reached XP level 2. HP: 26/26 MP: 1/1
   591 | D:1      | Reached skill level 4 in Maces & Flails
   859 | D:2      | Reached XP level 3. HP: 30/31 MP: 2/2
   882 | D:2      | Found a shimmering altar of Xom.
  1076 | D:2      | Noticed Ijyb
  1088 | D:2      | Killed Ijyb
  1088 | D:2      | Reached skill level 5 in Maces & Flails
  1088 | D:2      | Reached XP level 4. HP: 21/39 MP: 3/3
  1097 | D:2      | HP: 1/39 [poisoned by a goblin]
  1098 | D:2      | Succumbed to a goblin's poison

Skill      XL: |  1  2  3 |
---------------+----------+-----
Maces & Flails | 3 4 5 |  5.4
Fighting       | |  3.6
Armour         | |  3.6
Shields        | |  3.6

Action                   |  1- 3 |  4- 6 || total
-------------------------+-------+-------++-------
Melee: Flail             |    85 |     9 ||    94
       Headbutt          |    10 |     1 ||    11
  Use: Scroll            |     4 |       ||     4
       Potion            |     1 |     1 ||     2
  Eat: Bread ration      |     1 |       ||     1
Armor: Scale mail        |    48 |     9 ||    57
Dodge: Dodged            |    40 |     6 ||    46
Block: Shield            |    56 |    10 ||    66
